 Dungeon Crawl Stone Soup version 0.29.0-4-gdea44cf6ec (webtiles) character file.

Game seed: 9408507363487097807

155 qw the Ruffian (level 5, -9/50 HPs)
             Began as a Troll Cinder Acolyte on Aug 30, 2022.
             Was a High Priest of Ignis.
             Mangled by an ogre
             ... wielding a +0 giant spiked club
              (34 damage)
             ... on level 4 of the Dungeon.
             The game lasted 00:01:24 (2423 turns).

qw the Ruffian (Troll Cinder Acolyte)               Turns: 2423, Time: 00:01:24

Health: -9/50      AC: 12    Str: 24    XL:     5   Next: 14%
Magic:  5/5        EV:  9    Int: 10    God:    Ignis [*****.]
Gold:   96         SH:  0    Dex:  5    Spells: 6/6 levels left

rFire   + . .      SeeInvis .     - Unarmed
rCold   . . .      Faith    .   (no shield)
rNeg    . . .      Spirit   .   a - +0 robe
rPois   .          Reflect  .   (helmet restricted)
rElec   .          Harm     .   g - +0 cloak
rCorr   .          Rampage  .   (gloves unavailable)
Will    .....                   (boots unavailable)
Stlth   +.........              (no amulet)
HPRegen 0.96/turn               (no ring)
MPRegen 0.09/turn               (no ring)

@: fiery-armoured
A: large, unfitting armour, claws 3, regeneration 1, shaggy fur 1, tough skin 1
a: Renounce Religion, Fiery Armour, Foxfire Swarm, Rising Flame


You were on level 4 of the Dungeon.
You worshipped Ignis.
Ignis was extremely pleased with you.
You visited 1 branch of the dungeon, and saw 4 of its levels.

You collected 148 gold pieces.
You spent 52 gold pieces at shops.


Innate Abilities, Weirdness & Mutations

You are too large for most types of armour.
You have claws for hands.
Your natural rate of healing is unusually fast.
You are covered in fur. (AC +1)
You have tough skin. (AC +1)


   Skills:
 - Level 2.4 Fighting
 + Level 5.9 Unarmed Combat
 - Level 1.0 Spellcasting
 - Level 2.1 Fire Magic


You had 6 spell levels left.
You didn't know any spells.
Your spell library contained the following spells:

 Spells                   Type           Power      Damage    Failure   Level
 Scorch                   Fire           8%         2d5       22%         2

Inventory:

Missiles
 f - 2 boomerangs (quivered)
Armour
 a - a +0 robe (worn)
 g - a +0 cloak (worn)
Jewellery
 e - an amulet of reflection
Scrolls
 c - a scroll of identify
 h - a scroll of enchant armour {unknown}
 m - a scroll of enchant weapon
Potions
 b - a potion of curing
 d - 2 potions of might
 i - a potion of mutation {unknown}
 k - 2 potions of heal wounds {unknown}

Dungeon Overview and Level Annotations

Branches:
Dungeon (4/15)
 Temple: D:4-7

Altars:
Qazlal

Shops:
D:1 *

Annotations:
D:4 1 runed translucent door, Crazy Yiuf


Message History

The endoplasm is almost dead.
You mangle the endoplasm!!
You kill the endoplasm!
h - a scroll labelled YLEOTY IRIOXE
Found a stone staircase leading down.
Found a cloak.
An ufetubus comes into view.
Found 18 stones.
The ufetubus shouts!
An ogre comes into view. It is wielding a +0 giant spiked club.
2413 ||| Stepping ~*~*~tactically~*~*~ (stealth).
The ogre shouts!
The ufetubus closely misses you. The ufetubus barely misses you.
You claw the ufetubus!
You kill the ufetubus!
Throw: 2 boomerangs
Press: ? - help, Q - select action Shift-Dir - straight line, f - ogre You throw a boomerang.
The boomerang barely misses the ogre.
An ogre comes into view. It is wielding a +0 giant spiked club.
2417 ||| Stepping ~*~*~tactically~*~*~ (stealth).
The ogre shouts!
2419 ||| INVOKING Fiery Armour.
A protective cloak of flame settles atop you.
The ogre hits you with a +0 giant spiked club.
The ogre is burned by your cloak of flames.
The ogre is lightly wounded.
You barely miss the ogre.
The ogre is lightly wounded.
You barely miss the ogre.
The ogre is lightly wounded.
The ogre hits you with a +0 giant spiked club!!
The ogre is burned by your cloak of flames.
The ogre is moderately wounded.
You scratch the ogre.
The ogre is heavily wounded.
You scratch the ogre.
The ogre is heavily wounded.
The ogre hits you with a +0 giant spiked club!!
Ouch! That really hurt!
You die...

### ..# # #.# #.
#.####### . ..
#.#.....###.
#.#.#.#######.#.........
...>..O@..............(.
#.#.#O##.##.###........<
.. #[##.# #.....###. ...
#.##.# ###..## #. (#(
#.##.# #..# #. ..
#.##.#####..####. (
.................
..##..#.##..####) ..# #
##.......


You could see 2 ogres.

Vanquished Creatures
  Terence (D:3)
  5 adders
  An ufetubus (D:4)
  2 worms
  3 dart slugs
  An orc (D:3)
  11 bats
  5 endoplasms
  4 giant cockroaches
  2 goblins (D:1)
  5 hobgoblins
  A jackal (D:2)
  9 kobolds
  2 quokkas
  6 ball pythons
  2 frilled lizards
  6 rats
66 creatures vanquished.

Notes
Turn   | Place    | Note
-------+----------+-------------------------------------------
     0 | D:1      | qw the Troll Cinder Acolyte began the quest for the Orb.
     0 | D:1      | Reached XP level 1. HP: 22/22 MP: 1/1
     0 | D:1      | 0 ||| qw: Version: 0.1-a-95-gae9e614
     0 | D:1      | 0 ||| qw: Game counter: 4371
     0 | D:1      | 0 ||| qw: Always use a shield: true
     0 | D:1      | 0 ||| qw: God list: Okawaru
     0 | D:1      | 0 ||| qw: Allow faded altars: false
     0 | D:1      | 0 ||| qw: Do Orc after D:15 true
     0 | D:1      | 0 ||| qw: Do second Lair branch before Depths: true
     0 | D:1      | 0 ||| qw: Lair rune preference: random
     0 | D:1      | 0 ||| qw: Plans: Normal
     0 | D:1      | 0 ||| PLANNING D:1-11
    29 | D:1      | 29 ||| Stepping ~*~*~tactically~*~*~ (hiding).
   154 | D:1      | You fall into a shaft and drop 1 floor!
   230 | D:2      | Reached XP level 2. HP: 29/29 MP: 2/2
   279 | D:2      | Reached skill level 4 in Unarmed Combat
   312 | D:2      | 312 ||| Stepping ~*~*~tactically~*~*~ (stealth).
   314 | D:2      | 314 ||| Stepping ~*~*~tactically~*~*~ (stealth).
   478 | D:1      | Reached XP level 3. HP: 36/36 MP: 3/3
   654 | D:1      | Found a faded altar of an unknown god.
   863 | D:1      | Found Pyafrex's Assorted Antiques.
   881 | D:1      | 881 ||| BUYING cyan potion (16 gold).
   881 | D:1      | Bought a cyan potion for 16 gold pieces
   881 | D:1      | 881 ||| BUYING scroll labelled ETONNAHISA (18 gold).
   881 | D:1      | Bought a scroll labelled ETONNAHISA for 18 gold pieces
   881 | D:1      | 881 ||| BUYING scroll labelled ETONNAHISA (18 gold).
   881 | D:1      | Bought a scroll labelled ETONNAHISA for 18 gold pieces
  1190 | D:1      | 1190 ||| UPGRADING to +0 cloak.
  1195 | D:1      | 1195 ||| READING scroll labelled ECOCRE NORHU.
  1198 | D:1      | 1198 ||| READING scroll labelled ZUQOP GEBAGUYG.
  1199 | D:1      | 1199 ||| READING 3 scrolls labelled ETONNAHISA.
  1200 | D:1      | 1200 ||| DRINKING 2 murky orange potions.
  1201 | D:1      | 1201 ||| READING 2 scrolls of identify.
  1201 | D:1      | 1201 ||| IDENTIFYING lumpy clear potion
  1202 | D:1      | 1202 ||| DROPPING potion of brilliance.
  1203 | D:1      | 1203 ||| DROPPING potion of flight.
  1265 | D:2      | Found a stormy altar of Qazlal.
  1540 | D:2      | 1540 ||| Stepping ~*~*~tactically~*~*~ (stealth).
  1544 | D:2      | 1544 ||| INVOKING Fiery Armour.
  1546 | D:2      | 1546 ||| Stepping ~*~*~tactically~*~*~ (outnumbered).
  1552 | D:2      | 1552 ||| Stepping ~*~*~tactically~*~*~ (stealth).
  1637 | D:2      | 1637 ||| READING scroll labelled REIRUTIAR VUFY.
  1638 | D:2      | 1638 ||| READING scroll labelled ILUASCH RAOHUS.
  1639 | D:2      | 1639 ||| DRINKING 2 viscous puce potions.
  1678 | D:2      | 1678 ||| READING 3 scrolls of identify.
  1678 | D:2      | 1678 ||| IDENTIFYING smoky yellow potion
  1679 | D:2      | 1679 ||| READING 2 scrolls of identify.
  1679 | D:2      | 1679 ||| IDENTIFYING bubbling cyan potion
  1680 | D:2      | 1680 ||| DROPPING potion of lignification.
  1727 | D:3      | 1727 ||| STAIRDANCE
  1732 | D:2      | Reached XP level 4. HP: 44/44 MP: 4/4
  1750 | D:3      | Reached skill level 5 in Unarmed Combat
  1936 | D:3      | Noticed Terence
  1943 | D:3      | 1943 ||| Stepping ~*~*~tactically~*~*~ (outnumbered).
  1944 | D:3      | 1944 ||| Stepping ~*~*~tactically~*~*~ (outnumbered).
  1945 | D:3      | 1945 ||| Stepping ~*~*~tactically~*~*~ (outnumbered).
  1946 | D:3      | 1946 ||| Stepping ~*~*~tactically~*~*~ (outnumbered).
  1947 | D:3      | 1947 ||| Stepping ~*~*~tactically~*~*~ (outnumbered).
  1948 | D:3      | 1948 ||| Stepping ~*~*~tactically~*~*~ (outnumbered).
  1949 | D:3      | 1949 ||| Stepping ~*~*~tactically~*~*~ (outnumbered).
  1952 | D:3      | Killed Terence
  1962 | D:3      | 1962 ||| FLEEEEING.
  1996 | D:3      | Reached XP level 5. HP: 50/50 MP: 5/5
  2207 | D:3      | 2207 ||| DROPPING ring of magical power.
  2208 | D:3      | 2208 ||| READING scroll labelled YHAXITI HEWN.
  2209 | D:3      | 2209 ||| READING scroll labelled ETIXACZ NAGUZ.
  2210 | D:3      | 2210 ||| READING scroll labelled FOCWEL WYRGH.
  2211 | D:3      | 2211 ||| READING 2 scrolls of identify.
  2211 | D:3      | 2211 ||| IDENTIFYING pink potion
  2212 | D:3      | 2212 ||| DROPPING potion of attraction.
  2213 | D:3      | 2213 ||| Stepping randomly (stuck).
  2214 | D:3      | 2214 ||| Stepping ~*~*~tactically~*~*~ (cloud).
  2371 | D:4      | Found a runed translucent door.
  2372 | D:4      | Noticed Crazy Yiuf
  2412 | D:4      | Noticed an ogre
  2413 | D:4      | 2413 ||| Stepping ~*~*~tactically~*~*~ (stealth).
  2416 | D:4      | Noticed an ogre
  2417 | D:4      | 2417 ||| Stepping ~*~*~tactically~*~*~ (stealth).
  2419 | D:4      | 2419 ||| INVOKING Fiery Armour.
  2423 | D:4      | Mangled by an ogre

Levels and vault maps discovered:
D:1:      minmay_arrival_arboretum_small, layout_basic, serial_shops, shop,
          ebering_ecumenical_altar_mist
D:2:      minmay_diamond_boxcup, layout_loops_ring, basic_altar
D:3:      layout_rooms, patterned_corridor, uniq_terence
D:4:      layout_loops_ring, chequers_arboretum,
          dilly_guarded_unrand_devastator, uniq_crazy_yiuf_cottage

Skill      XL: |  1  2  3  4 |
---------------+-------------+-----
Unarmed Combat | 4 5 |  5.9
Fighting       | |  2.4
Spellcasting   | |  1.0
Fire Magic     | |  2.1

Action                   |  1- 3 |  4- 6 || total
-------------------------+-------+-------++-------
Melee: Unarmed           |    93 |    56 ||   149
Throw: Boomerang         |       |     9 ||     9
Invok: Fiery Armour      |     1 |     1 ||     2
  Use: Scroll            |     8 |     4 ||    12
       Potion            |     2 |       ||     2
Armor: Robe              |    39 |    24 ||    63
Dodge: Dodged            |    42 |    23 ||    65

Table legend:
 A = Non-vault XP
 B = Vault XP
 C = Vault XP percentage of total XP
 D = Non-vault monster count
 E = Vault monster count
 F = Vault count percentage of total count
                 A         B        C        D         E       F
            +---------+---------+-------+---------+---------+-------
      Total |     157 |      65 |  29.3 |      57 |       9 |  13.6
            +---------+---------+-------+---------+---------+-------
        D:1 |      36 |       0 |   0.0 |      20 |       0 |   0.0
        D:2 |      32 |      29 |  47.5 |      13 |       8 |  38.1
        D:3 |      74 |      36 |  32.7 |      19 |       1 |   5.0
        D:4 |      15 |       0 |   0.0 |       5 |       0 |   0.0
            +---------+---------+-------+---------+---------+-------
